 Dungeon Crawl Stone Soup version 0.26-a0-651-gb41185065b (webtiles) character file.

Game seed: 4690926614395352773

268 Irenicus the Digger (level 6, -1/49 HPs)
             Began as a Deep Dwarf Earth Elementalist on Oct 20, 2020.
             Was an Initiate of Makhleb.
             Slain by a centaur warrior zombie (3 damage)
             ... on level 6 of the Dungeon.
             The game lasted 00:11:07 (2017 turns).

Irenicus the Digger (Deep Dwarf Earth Elementalist) Turns: 2017, Time: 00:11:07

Health: -1/49      AC:  6    Str: 12    XL:     6   Next: 0%
Magic:  11/11      EV: 11    Int: 17    God:    Makhleb [......]
Gold:   179        SH:  0    Dex: 13    Spells: 9/12 levels left

rFire    . . .     SeeInvis .   a - +0 short sword
rCold    . . .     Faith    .   (no shield)
rNeg     . . .     Spirit   .   e - +0 ring mail
rPois    .         Reflect  .   (no helmet)
rElec    .         Harm     .   (no cloak)
rCorr    .         Rampage  .   q - +0 pair of gloves
MR       .....                  (no boots)
Stlth    +.........             (no amulet)
HPRegen  0.00/turn              (no ring)
MPRegen  0.12/turn              (no ring)

@: non-regenerating
A: damage resistance, heal wounds, sense surroundings 1, no regeneration
a: Heal Wounds, Renounce Religion


You were on level 6 of the Dungeon.
You worshipped Makhleb.
Makhleb was noncommittal.
You visited 2 branches of the dungeon, and saw 8 of its levels.

You collected 179 gold pieces.

Inventory:

Hand Weapons
 a - a +0 short sword (weapon)
   (You took it off a kobold on level 1 of the Dungeon)
Missiles
 b - a stone (quivered)
 i - 17 poisoned darts
 t - 4 silver javelins
Armour
 e - a +0 ring mail (worn)
   (You found it on level 1 of the Dungeon)
 q - a +0 pair of gloves (worn)
   (You found it on level 3 of the Dungeon)
Wands
 p - a wand of paralysis (7)
   (You found it on level 3 of the Dungeon)
 r - a wand of disintegration (15)
   (You found it on level 5 of the Dungeon)
Scrolls
 d - a scroll of identify
 f - a scroll of fear
 g - 3 scrolls of fog
 m - 2 scrolls of teleportation {unknown}
 s - a scroll of immolation {unknown}
Potions
 c - a potion of ambrosia
 h - a potion of flight
 j - 3 potions of curing
 k - 2 potions of heal wounds
 l - a potion of magic
 n - a potion of haste
 o - a potion of mutation {!q}


   Skills:
 - Level 2.1 Dodging
 - Level 2.4 Stealth
 + Level 3.9 Spellcasting
 - Level 0.8 Transmutations
 + Level 6.9 Earth Magic


You had 9 spell levels left.
You knew the following spells:

 Your Spells              Type           Power        Failure   Level
a - Sandblast             Erth           ####..       2%          1
w - Passwall              Tmut/Erth      ###.....     11%         2

Your spell library contained the following spells:

 Spells                   Type           Power        Failure   Level
 Stone Arrow              Conj/Erth      ###...       26%         3
 Lee's Rapid Deconstruct  Erth           ####......   52%         5
 Petrify                  Tmut/Erth      ###.....     58%         4


Dungeon Overview and Level Annotations

Branches:
Dungeon (7/15)             Temple (1/1) D:7

Altars:
Ashenzari
Cheibriados
Dithmenos
Elyvilon
Fedhas
Gozag
Hepliaklqana
Kikubaaqudgha
Makhleb
Nemelex Xobeh
Okawaru
Qazlal
Ru
Sif Muna
Uskayaw
Vehumet
Wu Jian
Xom
Yredelemnul
Zin
The Shining One


Innate Abilities, Weirdness & Mutations

You are resistant to damage.
You can heal yourself by infusing magical energy.
You passively map a small area around you.
You do not regenerate.


Message History

Evoke which item? (* to show all) (? for menu, Esc to quit)
Okay, then.
MP restored: 11 You see here 7 boomerangs.
Found a stone staircase leading down.
You see here 4 silver javelins.
t - 4 silver javelins A centaur warrior zombie comes into view.
The centaur warrior zombie barely misses you.
You hit the centaur warrior zombie but do no damage.
The centaur warrior zombie hits you but does no damage.
The centaur warrior zombie barely misses you.
You completely miss the centaur warrior zombie.
The centaur warrior zombie hits you but does no damage.
You hit the centaur warrior zombie.
The centaur warrior zombie is lightly damaged.
The centaur warrior zombie hits you but does no damage.
You hit the centaur warrior zombie but do no damage.
The centaur warrior zombie is lightly damaged.
The centaur warrior zombie hits you. x2
You hit the centaur warrior zombie.
The centaur warrior zombie is lightly damaged.
The centaur warrior zombie closely misses you.
You hit the centaur warrior zombie.
The centaur warrior zombie is lightly damaged.
The centaur warrior zombie hits you.
The centaur warrior zombie closely misses you.
You hit the centaur warrior zombie.
The centaur warrior zombie is lightly damaged.
The centaur warrior zombie hits you.
You take 2 damage, and have 22/49 hp.
You hit the centaur warrior zombie.
The centaur warrior zombie is lightly damaged.
The centaur warrior zombie hits you.
You take 3 damage, and have 19/49 hp.
You barely miss the centaur warrior zombie.
The centaur warrior zombie is lightly damaged.
The centaur warrior zombie hits you. x2
* * * LOW HITPOINT WARNING * * *
You take 5 damage, and have 14/49 hp.
You hit the centaur warrior zombie.
The centaur warrior zombie is lightly damaged.
The centaur warrior zombie hits you!
* * * LOW HITPOINT WARNING * * *
You hit the centaur warrior zombie.
The centaur warrior zombie is lightly damaged.
The centaur warrior zombie hits you but does no damage.
The centaur warrior zombie closely misses you.
You take 3 damage, and have 11/49 hp.
You hit the centaur warrior zombie but do no damage.
The centaur warrior zombie is lightly damaged.
The centaur warrior zombie hits you.
* * * LOW HITPOINT WARNING * * *
You hit the centaur warrior zombie but do no damage.
The centaur warrior zombie is lightly damaged.
The centaur warrior zombie hits you but does no damage.
The centaur warrior zombie misses you.
You take 1 damage, and have 10/49 hp.
You completely miss the centaur warrior zombie.
The centaur warrior zombie is lightly damaged.
The centaur warrior zombie barely misses you.
You hit the centaur warrior zombie.
The centaur warrior zombie is moderately damaged.
The centaur warrior zombie hits you.
* * * LOW HITPOINT WARNING * * *
You take 3 damage, and have 7/49 hp.
You barely miss the centaur warrior zombie.
The centaur warrior zombie is moderately damaged.
The centaur warrior zombie barely misses you.
The centaur warrior zombie hits you but does no damage.
You barely miss the centaur warrior zombie.
The centaur warrior zombie is moderately damaged.
The centaur warrior zombie hits you.
* * * LOW HITPOINT WARNING * * *
You take 2 damage, and have 5/49 hp.
You hit the centaur warrior zombie.
The centaur warrior zombie is moderately damaged.
The centaur warrior zombie barely misses you.
The centaur warrior zombie hits you but does no damage.
Your ring mail prevents you from hitting the centaur warrior zombie.
The centaur warrior zombie is moderately damaged.
The centaur warrior zombie hits you.
You hit the centaur warrior zombie.
The centaur warrior zombie is moderately damaged.
The centaur warrior zombie hits you.
* * * LOW HITPOINT WARNING * * *
The centaur warrior zombie hits you.
* * * LOW HITPOINT WARNING * * *
You take 3 damage, and have 2/49 hp.
You hit the centaur warrior zombie.
The centaur warrior zombie is moderately damaged.
The centaur warrior zombie closely misses you.
You hit the centaur warrior zombie but do no damage.
The centaur warrior zombie is moderately damaged.
The centaur warrior zombie closely misses you.
You hit the centaur warrior zombie.
The centaur warrior zombie is moderately damaged.
The centaur warrior zombie hits you but does no damage.
The centaur warrior zombie hits you.
You die...

#.# * #.#### ###
*### *#...###.#
#.., * ##.#..##.#
#.# , #.###....##
##.# , ##.#
##....###..# *
###.## #........#
** ....# #....##..#
#..## #....####@# *
#..## #..[.# #Z.# ,
* ....# #....#
#.... ,
..#...#.....#
...### ,
...##......>#,,...#
....#........,.#..#
......### ##..# * ,
, .....## * .... ,
.....#


You could see a centaur warrior zombie.

Vanquished Creatures
  A bullfrog (D:6)
  A scorpion (D:6)
  An iguana (D:3)
  A howler monkey zombie (D:5)
  A worker ant zombie (D:7)
  3 adders
  3 worms
  2 dart slugs
  4 leopard geckos
  3 orcs (D:3)
  A ball python (D:3)
  7 bats
  A giant cockroach (D:5)
  6 goblins
  8 hobgoblins
  3 jackals (D:4)
  9 kobolds
  8 frilled lizards
  A jackal zombie (D:5)
  A leopard gecko zombie (D:6)
  7 rats
72 creatures vanquished.

Vanquished Creatures (others)
  2 plants (D:2)
2 creatures vanquished.

Grand Total: 74 creatures vanquished

Notes
Turn   | Place    | Note
-------+----------+-------------------------------------------
     0 | D:1      | Irenicus the Deep Dwarf Earth Elementalist began the quest
                  | for the Orb.
     0 | D:1      | Reached XP level 1. HP: 15/15 MP: 3/3
   103 | D:1      | Reached skill level 2 in Spellcasting
   164 | D:1      | Reached XP level 2. HP: 20/22 MP: 0/5
   447 | D:1      | Learned a level 2 spell: Passwall
   546 | D:2      | Reached XP level 3. HP: 24/28 MP: 0/6
   649 | D:2      | Reached skill level 5 in Earth Magic
   701 | D:2      | Noticed a +0 dagger
   702 | D:2      | Noticed a -2 hand axe
   705 | D:2      | Found a hide-covered altar of Uskayaw.
  1197 | D:3      | Found a white marble altar of Elyvilon.
  1223 | D:3      | Reached XP level 4. HP: 28/36 MP: 3/8
  1246 | D:3      | Found an opulent altar of Gozag.
  1386 | D:3      | Reached skill level 3 in Spellcasting
  1406 | D:3      | HP: 9/36 [iguana (1)]
  1497 | D:4      | Reached skill level 6 in Earth Magic
  1574 | D:5      | Entered Level 5 of the Dungeon
  1708 | D:5      | Reached XP level 5. HP: 24/42 MP: 5/10
  1710 | D:5      | You fall into a shaft and drop 1 floor!
  1729 | D:7      | Found a staircase to the Ecumenical Temple.
  1739 | Temple   | Entered the Ecumenical Temple
  1856 | Temple   | Became a worshipper of Makhleb the Destroyer
  1930 | D:6      | Reached XP level 6. HP: 24/49 MP: 8/11
  2004 | D:6      | HP: 11/49 [centaur warrior zombie (3)]
  2009 | D:6      | HP: 7/49 [centaur warrior zombie (3)]
  2014 | D:6      | HP: 3/49 [centaur warrior zombie (2)]
  2017 | D:6      | Slain by a centaur warrior zombie

Illustrated notes

Levels and vault maps discovered:
D:1:      dpeg_arrival_houses_and_road, layout_loops_cross
D:2:      layout_basic, dancing_weapons_uskayaw, serial_bayou_ford_a
D:3:      layout_rooms, elyvilon_altar_3, overflow_temple_1_default
D:4:      layout_basic, serial_shops, nicolae_shop_statue_plus
D:5:      layout_basic, gup_sewer_entry_bubbles
D:6:      layout_layer_cave, gammafunk_ghost_necromancy,
          nicolae_underground_beach, uniq_pikel, uniq_sigmund, uniq_edmund,
          uniq_blork_the_orc
D:7:      cheibrodos_statue_roulette, layout_cave_pools,
          minmay_temple_entry_antechambers, serial_column_ruins,
          column_ruins_grid_3, column_ruins_columns_straight,
          column_ruins_corridor_T, column_ruins_grid_1, column_ruins_grid_1,
          column_ruins_open_large, column_ruins_grid_1, dk_vineyard_3,
          serial_park_tiny_1
Temple:   dpeg_five_rooms_temple

Skill      XL: |  1  2  3  4 |
---------------+-------------+-----
Spellcasting   | 2 3 |  3.9
Earth Magic    | 5 6 |  6.9
Dodging        | |  2.1
Stealth        | |  2.4
Transmutations | |  0.8

Action                   |  1- 3 |  4- 6 || total
-------------------------+-------+-------++-------
Melee: Short sword       |     6 |    30 ||    36
Throw: Dart              |     1 |       ||     1
 Cast: Sandblast         |    64 |    41 ||   105
       Passwall          |     3 |       ||     3
 Abil: Heal Wounds       |       |     1 ||     1
  Use: Scroll            |     8 |     6 ||    14
       Potion            |       |     3 ||     3
 Stab: Sleeping          |       |     1 ||     1
Armor: Ring mail         |     5 |    21 ||    26
Dodge: Dodged            |    15 |    25 ||    40

Table legend: (Time is in decaauts)
 A = Elapsed time spent in this place.
 B = Non-inter-level travel time spent in this place.
 C = Inter-level travel time spent in this place.
 D = Time resting spent in this place.
 E = Time spent auto-exploring this place.
 F = Levels seen in this place.
 G = Mean time per level.
                   A        B        C        D        E       F      G
               +--------+--------+--------+--------+--------+-----+--------+
         Total |   2027 |   1853 |    174 |      0 |     58 |   8 |  253.4 |
       Dungeon |   1880 |   1779 |    101 |      0 |     58 |   7 |  268.6 |
        Temple |    146 |     73 |     73 |      0 |      0 |   1 |  146.0 |
               +--------+--------+--------+--------+--------+-----+--------+

Top non-repeatable levels by time:
     D:2: 578 daAuts
     D:1: 541 daAuts
     D:3: 356 daAuts
  Temple: 146 daAuts
     D:5: 135 daAuts
     D:6: 135 daAuts
     D:4: 104 daAuts
     D:7: 27 daAuts

Table legend:
 A = Kills in this place as a percentage of kills in entire the game.
 B = Kills by you in this place as a percentage of kills by you in the entire game.
 C = Kills by friends in this place as a percentage of kills by friends in the entire game.
 D = Other kills in this place as a percentage of other kills in the entire game.
 E = Experience gained in this place as a percentage of experience gained in the entire game.
 F = Experience gained in this place divided by the number of levels of this place that you have seen.
                   A       B       C       D       E      F
               +-------+-------+-------+-------+-------+----------------------
         Total | 100.0 | 100.0 |   N/A |   N/A | 100.0 |  47.9
       Dungeon | 100.0 | 100.0 |   N/A |   N/A | 100.0 |  54.7
               +-------+-------+-------+-------+-------+----------------------
